Map: Incorporeal LE

Players

ShvudkuyDid

  • Race: Protoss Protoss
  • League: Gold
  • Spawn Location: 11:00

ManlyManMeat - Winner!

  • Race: Terran Terran
  • League: Platinum
  • Spawn Location: 5:00

VOD

Have the link to the VOD?

Description

Time

  • Played on: June 19, 2025, 10:36 a.m.
  • Length: 10:29
Show
View Real Time Build Order
Export as new Build Order

ShvudkuyDid Protoss 

Build Orders:  

Get SALT Encoding   

  1  0:00  Probe  
  13  0:07  Probe  
  14  0:18  Probe  
  15  0:22  Pylon  
  15  0:40  Gateway, Probe  
  16  0:47  Assimilator  
  16  0:52  Probe  
  16  0:53  Assimilator  
  17  1:00  Probe  
  18  1:14  Gateway, Probe  
  19  1:28  Cybernetics Core  
  19  1:32  Pylon, Probe  
  20  1:44  Pylon, Probe  
  21  2:00  Probe  
  22  2:01  Gateway  
  22  2:05  Adept  
  24  2:08  Adept  
  24  2:11  Warp Gate  
  26  2:17  Probe  
  27  2:35  Adept  
  29  2:38  Sentry  
  30  3:06  Probe  
  31  3:14  Nexus  
  29  3:38  Stalker  
  29  3:39  Pylon, Stalker x2  
  35  3:51  Twilight Council  
  35  3:56  Probe  
  36  4:08  Probe  
  37  4:19  Stalker x3  
  43  4:38  Probe  
  44  4:42  Probe  
  44  4:44  Zealot x2  
  49  4:49  Stalker  
  49  4:50  Probe  
  49  4:52  Blink  
  52  4:54  Probe  
  49  5:02  Probe  
  49  5:06  Probe  
  47  5:14  Probe  
  47  5:16  Assimilator  
  47  5:18  Assimilator  
  48  5:25  Zealot x2  
  48  5:26  Stalker, Probe  
  55  5:32  Pylon  
  55  5:35  Probe  
  55  5:37  Probe  
  55  5:41  Shield Battery  
  57  5:43  Probe  
  57  5:45  Probe  
  59  5:51  Probe  
  59  5:52  Adept, Stalker  
  59  5:53  Probe  
  59  5:55  Adept  
  66  5:59  Probe  
  68  6:04  Probe  
  69  6:14  Robotics Facility  
  69  6:15  Pylon  
  69  6:17  Stargate  
  69  6:30  Charge  
  69  6:32  Pylon  
  69  6:35  Stalker, Zealot  
  69  6:36  Zealot  
  75  6:49  Forge  
  75  6:50  Forge  
  75  6:54  Shield Battery  
  75  6:58  Zealot  
  75  6:59  Zealot  
  75  7:00  Gateway  
  75  7:01  Adept  
  81  7:05  Observer  
  82  7:14  Oracle  
  85  7:19  Probe  
  85  7:22  Pylon  
  86  7:35  Pylon  
  86  7:39  Warp Prism  
  86  7:40  Probe x2  
  86  7:42  Zealot x2  
  94  7:46  Protoss Ground Weapons Level 1  
  94  7:47  Protoss Ground Armor Level 1  
  94  7:53  Probe  
  95  8:24  Stalker x2, Zealot  
  85  8:50  Zealot  
  85  8:51  Stalker x2, Zealot  
  51  9:06  Immortal  
  51  9:21  Stalker x4  
  52  9:45  Stalker x2  
  54  9:46  Stalker  
  14  10:13  Zealot  
  14  10:14  Zealot x2  
Show
View Real Time Build Order
Export as new Build Order

ManlyManMeat Terran - Winner!

Build Orders: Reaper Expand 

Get SALT Encoding   

  12  0:00  SCV  
  13  0:12  SCV  
  14  0:18  Supply Depot  
  14  0:25  SCV  
  15  0:39  SCV  
  15  0:41  Barracks  
  16  0:47  Refinery  
  16  0:52  SCV  
  17  1:04  SCV  
  18  1:16  SCV  
  19  1:29  Orbital Command  
  19  1:30  Reaper  
  20  1:39  Command Center  
  20  1:56  Supply Depot  
  20  2:02  Marine  
  21  2:20  SCV  
  21  2:22  Barracks Reactor  
  22  2:23  Barracks, Bunker  
  22  2:32  SCV  
  22  2:35  Factory  
  23  2:44  SCV  
  24  3:00  SCV  
  24  3:01  Marine  
  24  3:02  Marine  
  24  3:05  Orbital Command  
  27  3:12  SCV  
  25  3:30  SCV  
  25  3:31  SCV  
  25  3:32  Marine x2  
  29  3:35  Factory Tech Lab  
  29  3:36  Barracks Tech Lab  
  29  3:37  Factory  
  29  3:38  Starport  
  29  3:41  Refinery  
  29  3:43  SCV x2  
  31  3:49  Marine  
  31  3:50  Marine  
  31  3:55  SCV  
  34  4:00  Widow Mine  
  36  4:06  Marine  
  36  4:07  Marine x2  
  39  4:12  SCV x2  
  39  4:13  Refinery x2  
  41  4:24  SCV x2  
  43  4:39  SCV  
  43  4:40  SCV  
  43  4:43  Stimpack  
  43  4:44  Marine  
  46  4:48  Supply Depot  
  46  4:49  Supply Depot  
  46  4:50  Supply Depot  
  46  5:06  SCV, Marine  
  46  5:09  Marine x2  
  46  5:10  SCV, Siege Tank  
  46  5:13  Supply Depot  
  52  5:16  Supply Depot  
  52  5:18  Supply Depot, SCV  
  53  5:22  SCV  
  53  5:24  Marine  
  55  5:39  Command Center  
  55  5:45  Marauder  
  55  5:46  Marine x2  
  55  5:48  Starport Reactor  
  55  5:49  Siege Tank  
  62  6:01  SCV  
  63  6:07  Marauder  
  65  6:13  SCV  
  65  6:18  Barracks  
  66  6:19  Barracks x2  
  66  6:23  Combat Shield  
  66  6:32  Marine x2  
  68  6:46  Marine  
  69  6:50  Starport Reactor, Marine  
  69  6:51  Orbital Command, SCV  
  71  6:57  Supply Depot x2, Marine  
  71  6:59  Siege Tank  
  75  7:03  SCV, Marine  
  77  7:10  Marine  
  77  7:13  Barracks Reactor, Barracks Tech Lab x2  
  78  7:17  Marine  
  78  7:21  Marine  
  80  7:28  Orbital Command  
  80  7:29  Medivac  
  64  7:30  Medivac  
  82  7:31  Siege Tank, Engineering Bay, Marine x3  
  82  7:32  SCV, Engineering Bay  
  82  7:33  SCV  
  92  7:44  Marine x2  
  92  7:49  Marine  
  95  8:01  SCV x3  
  98  8:13  SCV x3  
  98  8:16  Marine x2  
  98  8:17  Marine x3  
  98  8:18  Marauder x2, Siege Tank  
  111  8:25  SCV  
  97  8:53  Marine x4  
  97  8:54  Marauder x2  
  97  8:55  Marauder, Siege Tank  
  95  8:56  SCV x3  
  95  9:00  Missile Turret  
  95  9:02  Missile Turret  
  94  9:04  Missile Turret x2  
  94  9:08  SCV  
  94  9:19  SCV x2, Marine x2  
  94  9:20  SCV  
  95  9:31  SCV  
  88  9:36  Marauder x3, SCV x2  
  92  9:43  SCV  
  91  9:48  SCV  
  90  9:54  Marine x2  
  90  9:55  Marine x2  
  88  10:05  SCV x3  
  89  10:07  Marine x2  
Tags
 
Add a new tag
Caveats
  • Supply blocks, unpowered buildings, or Contaminate may cause inaccurate times.
  • Supply counts are checked every 10 seconds.